 Dungeon Crawl Stone Soup version 0.28-a0-1616-g050a50673c (webtiles) character file.

Game seed: 17896186542281896718

125 Gargoyl the Skirmisher (level 5, -3/70 HPs)
             Began as a Gnoll Abyssal Knight on Jan 22, 2022.
             Was a Believer of Lugonu.
             Slain by Blork the orc (9 damage)
             ... on level 4 of the Dungeon.
             The game lasted 00:02:52 (2241 turns).

Gargoyl the Skirmisher (Gnoll Abyssal Knight)       Turns: 2241, Time: 00:02:53

Health: -3/70      AC: 22    Str: 15    XL:     5   Next: 9%
Magic:  8/8        EV:  2    Int: 15    God:    Lugonu [**....]
Gold:   133        SH:  0    Dex: 18    Spells: 6/6 levels left

rFire   . . .      SeeInvis .   a - +2 hand axe
rCold   . . .      Faith    .   (no shield)
rNeg    . . .      Spirit   .   (armour currently unavailable)
rPois   +          Reflect  .   (helmet currently unavailable)
rElec   .          Harm     .   (cloak currently unavailable)
rCorr   .          Rampage  .   (gloves currently unavailable)
Will    .....      NoTele   +   (boots currently unavailable)
Stlth   ++........              (no amulet)
HPRegen 0.21/turn               e - +6 ring of dexterity
MPRegen 0.11/turn               f - +6 ring of intelligence

@: mighty, tree-form
A: stationary, stasis, torment immunity, boosted hp, (fangs 1), strong nose,
distributed training
a: Renounce Religion, Depart the Abyss, Bend Space


You were on level 4 of the Dungeon.
You worshipped Lugonu.
Lugonu was pleased with you.
You were a tree.
You visited 1 branch of the dungeon, and saw 4 of its levels.
You visited the Abyss 1 time.

You collected 133 gold pieces.

Inventory:

Hand Weapons
 a - a +2 hand axe (weapon)
Missiles
 c - a throwing net
Armour
 d - a +3 plate armour of poison resistance (melded)
 g - a +0 cloak (melded)
Jewellery
 e - a +6 ring of dexterity (left branch)
 f - a +6 ring of intelligence (right branch)
 i - a ring of poison resistance
Scrolls
 k - a scroll of torment {unknown}
 l - a scroll of noise {unknown}
 m - a scroll of brand weapon {unknown}
 n - a scroll of silence {unknown}
Potions
 h - 3 potions of curing


   Skills:
 + Level 6.6 Fighting
 + Level 1.3 Short Blades
 + Level 1.3 Long Blades
 + Level 4.7 Axes
 + Level 1.3 Maces & Flails
 + Level 1.3 Polearms
 + Level 1.3 Staves
 + Level 1.3 Slings
 + Level 1.3 Bows
 + Level 1.3 Crossbows
 + Level 1.3 Throwing
 + Level 4.7 Armour
 + Level 2.9 Dodging
 + Level 1.3 Stealth
 + Level 1.3 Shields
 + Level 1.3 Unarmed Combat
 + Level 1.3 Spellcasting
 + Level 1.1 Conjurations
 + Level 1.1 Hexes
 + Level 1.1 Summonings
 + Level 1.1 Necromancy
 + Level 1.1 Translocations
 + Level 1.1 Transmutations
 + Level 1.1 Fire Magic
 + Level 1.1 Ice Magic
 + Level 1.1 Air Magic
 + Level 1.1 Earth Magic
 + Level 1.1 Poison Magic
 + Level 4.8 Invocations
 + Level 1.3 Evocations


You had 6 spell levels left.
You didn't know any spells.
Your spell library contained the following spells:

 Spells                   Type           Power      Damage    Failure   Level
 Ignite Poison            Fire/Tmut/Pois 4%         N/A       41%         3
 Mephitic Cloud           Conj/Pois/Air  4%         N/A       41%         3
 Freezing Cloud           Conj/Ice/Air   2%         6-21      99%         5


Dungeon Overview and Level Annotations

Branches:
Dungeon (4/15)
 Temple: D:4-7

Altars:
Ru

Annotations:
D:4 Blork the orc


Innate Abilities, Weirdness & Mutations

You are a tree.
Your roots penetrate the ground, keeping you stationary.
You cannot be teleported.
You are immune to unholy pain and torment.
Your maximum health is greatly increased.
Your equipment is partially melded.
((You have very sharp teeth.))
Your uncanny sense of smell can sniff out nearby items.
Your experience applies equally to all skills.


Message History

Unknown command.
You closely miss Blork the orc.
Blork the orc is moderately wounded.
Blork the orc screams, "I'll break your arms!"
Blork the orc hits you but does no damage. x2
Unknown command.
You barely miss Blork the orc.
Blork the orc is moderately wounded.
Blork the orc hits you but does no damage.
You hit Blork the orc but do no damage.
Blork the orc is moderately wounded.
Blork the orc points at you and mumbles some strange words.
The puff of flame hits you but does no damage.
Blork the orc hits you but does no damage.
Unknown command.
You barely miss Blork the orc.
Blork the orc is moderately wounded.
Blork the orc hits you but does no damage. x2
Unknown command.
It was a potion of might.
You feel very mighty all of a sudden.
Blork the orc gestures at you while chanting.
The puff of flame hits you.
* * * LOW HITPOINT WARNING * * *
Unknown command.
You closely miss Blork the orc. Your punch misses Blork the orc.
Blork the orc is moderately wounded.
Blork the orc hits you with a +5 long sword of holy wrath!
* * * LOW HITPOINT WARNING * * *
Blork the orc hits you with a +5 long sword of holy wrath.
* * * LOW HITPOINT WARNING * * *
You closely miss Blork the orc.
Blork the orc is moderately wounded.
Blork the orc grins evilly.
Blork the orc hits you but does no damage.
You slash Blork the orc!
Blork the orc is heavily wounded.
Blork the orc hits you but does no damage.
Blork the orc hits you with a +5 long sword of holy wrath!
You die...

............ #
##..##......###.. ..
....##...........
...###...........#.#
...................#
#....<..#......>..###
........##.!.o)......
#<..)..♣..#
#.#....#### #.#.#...#
#...#.#...#
≈≈≈....###...
.≈≈≈≈≈≈.# ....
.≈≈≈≈≈≈≈≈ ...
.≈≈≈≈≈≈≈≈ ≈≈


You could see Blork the orc (fast).

Vanquished Creatures
  Crazy Yiuf (D:2)
  3 adders (D:3)
  2 dart slugs
  2 orcs
  5 endoplasms
  2 giant cockroaches
  2 goblins
  7 hobgoblins
  9 jackals (D:1)
  6 kobolds
  4 quokkas
  4 ball pythons
  3 bats
  6 frilled lizards
  4 rats
60 creatures vanquished.

Notes
Turn   | Place    | Note
-------+----------+-------------------------------------------
     0 | Abyss:1  | Gargoyl the Gnoll Abyssal Knight began the quest for the
                  | Orb.
     0 | Abyss:1  | Reached XP level 1. HP: 23/23 MP: 3/3
    36 | D:1      | Escaped the Abyss
   177 | D:1      | Reached XP level 2. HP: 29/29 MP: 5/5
   186 | D:1      | Reached * piety under Lugonu
   348 | D:1      | Reached XP level 3. HP: 32/35 MP: 6/6
   884 | D:2      | Found a faded altar of an unknown god.
   884 | D:2      | Noticed a great orb of eyes
   887 | D:2      | Noticed an eye of devastation
   891 | D:2      | Noticed an eye of devastation
   891 | D:2      | Noticed an eye of devastation
  1223 | D:2      | Found a runed translucent door.
  1225 | D:2      | Noticed Crazy Yiuf
  1229 | D:2      | Paralysed by Crazy Yiuf for 3 turns
  1236 | D:2      | Killed Crazy Yiuf
  1237 | D:2      | Reached skill level 1 in Short Blades
  1237 | D:2      | Reached skill level 1 in Long Blades
  1237 | D:2      | Reached skill level 1 in Maces & Flails
  1237 | D:2      | Reached skill level 1 in Polearms
  1237 | D:2      | Reached skill level 1 in Staves
  1237 | D:2      | Reached skill level 1 in Slings
  1237 | D:2      | Reached skill level 1 in Bows
  1237 | D:2      | Reached skill level 1 in Crossbows
  1237 | D:2      | Reached skill level 1 in Throwing
  1237 | D:2      | Reached skill level 1 in Stealth
  1237 | D:2      | Reached skill level 1 in Shields
  1237 | D:2      | Reached skill level 1 in Unarmed Combat
  1237 | D:2      | Reached skill level 1 in Spellcasting
  1237 | D:2      | Reached skill level 1 in Evocations
  1237 | D:2      | Reached XP level 4. HP: 24/41 MP: 7/7
  1605 | D:3      | Reached skill level 1 in Conjurations
  1605 | D:3      | Reached skill level 1 in Hexes
  1605 | D:3      | Reached skill level 1 in Summonings
  1605 | D:3      | Reached skill level 1 in Necromancy
  1605 | D:3      | Reached skill level 1 in Translocations
  1605 | D:3      | Reached skill level 1 in Transmutations
  1605 | D:3      | Reached skill level 1 in Fire Magic
  1605 | D:3      | Reached skill level 1 in Ice Magic
  1605 | D:3      | Reached skill level 1 in Air Magic
  1605 | D:3      | Reached skill level 1 in Earth Magic
  1605 | D:3      | Reached skill level 1 in Poison Magic
  1736 | D:3      | Reached ** piety under Lugonu
  1827 | D:3      | Found a sacrificial altar of Ru.
  1900 | D:3      | Reached XP level 5. HP: 47/47 MP: 8/8
  2218 | D:4      | Noticed Blork the orc
  2241 | D:4      | Slain by Blork the orc

Illustrated notes

Levels and vault maps discovered:
D:1:      psy_arrival_radial01, layout_rooms, minivault_5,
          kennysheep_nondescript
D:2:      layout_rooms, hellmonk_ecumenical_altar_watching_god,
          uniq_crazy_yiuf_cottage
D:3:      layout_loops_cross, mainiacjoe_overflow_tiny_flanked
D:4:      wander_river, layout_rooms, kennysheep_little_box,
          mainiacjoe_overflow_paths, minmay_temple_entry_arrows,
          uniq_blork_the_orc

Skill      XL: |  1  2  3  4 |
---------------+-------------+-----
Short Blades   | 1 |  1.3
Long Blades    | 1 |  1.3
Maces & Flails | 1 |  1.3
Polearms       | 1 |  1.3
Staves         | 1 |  1.3
Slings         | 1 |  1.3
Bows           | 1 |  1.3
Crossbows      | 1 |  1.3
Throwing       | 1 |  1.3
Stealth        | 1 |  1.3
Shields        | 1 |  1.3
Unarmed Combat | 1 |  1.3
Spellcasting   | 1 |  1.3
Evocations     | 1 |  1.3
Conjurations   | 1 |  1.1
Hexes          | 1 |  1.1
Summonings     | 1 |  1.1
Necromancy     | 1 |  1.1
Translocations | 1 |  1.1
Transmutations | 1 |  1.1
Fire Magic     | 1 |  1.1
Ice Magic      | 1 |  1.1
Air Magic      | 1 |  1.1
Earth Magic    | 1 |  1.1
Poison Magic   | 1 |  1.1
Fighting       | |  6.6
Axes           | |  4.7
Armour         | |  4.7
Dodging        | |  2.9
Invocations    | |  4.8

Action                   |  1- 3 |  4- 6 || total
-------------------------+-------+-------++-------
Melee: Hand axe          |    79 |    83 ||   162
       Punch             |     2 |     2 ||     4
       Bite              |     5 |     3 ||     8
Invok: Depart the Abyss  |     1 |       ||     1
  Use: Scroll            |     8 |       ||     8
       Potion            |       |     2 ||     2
Armor: Leather armour    |     8 |       ||     8
       Plate armour      |    82 |    61 ||   143
       Skin              |       |    11 ||    11
Dodge: Dodged            |    31 |    22 ||    53

Table legend: (Time is in decaauts)
 A = Elapsed time spent in this place.
 B = Non-inter-level travel time spent in this place.
 C = Inter-level travel time spent in this place.
 D = Time resting spent in this place.
 E = Time spent auto-exploring this place.
 F = Levels seen in this place.
 G = Mean time per level.
                   A        B        C        D        E       F      G
               +--------+--------+--------+--------+--------+-----+--------+
         Total |   2249 |   2168 |     81 |      0 |   1638 |   5 |  449.8 |
       Dungeon |   2213 |   2132 |     81 |      0 |   1603 |   4 |  553.2 |
         Abyss |     36 |     36 |      0 |      0 |     35 |   1 |   36.0 |
               +--------+--------+--------+--------+--------+-----+--------+

Top non-repeatable levels by time:
     D:3: 796 daAuts
     D:1: 786 daAuts
     D:2: 602 daAuts
 Abyss:1: 36 daAuts
     D:4: 27 daAuts
